 Dungeon Crawl Stone Soup version 0.20.0-10-g0535bb4 (webtiles) character file.

89 Hasart the Cudgeler (level 4, -4/34 HPs)
             Began as a Demonspawn Warper on June 4, 2017.
             Shot with an arrow by a centaur (11 damage)
             ... on level 3 of the Dungeon.
             The game lasted 00:03:40 (2161 turns).

Hasart the Cudgeler (Demonspawn Warper)             Turns: 2161, Time: 00:03:41

Health: -4/34      AC:  5    Str: 12    XL:     4   Next: 31%
Magic:  7/7        EV: 11    Int: 15    God:
Gold:   115        SH:  3    Dex: 12    Spells: 7/7 levels left

rFire    . . .     SeeInvis .   a - +0 mace
rCold    . . .     Gourm    .   h - +0 buckler
rNeg     . . .     Faith    .   b - +0 leather armour
rPois    .         Spirit   .   (helmet restricted)
rElec    .         Reflect  .   (no cloak)
rCorr    .         Harm     .   (no gloves)
MR       .....                  (no boots)
Stlth    +.........             (no amulet)
Regen    0.2/turn               (no ring)
MPRegen  0.1/turn               (no ring)

@: no status effects
A: horns 1, thin metallic scales 1
a: no special abilities


You were on level 3 of the Dungeon.
You were very hungry.

You visited 1 branch of the dungeon, and saw 3 of its levels.

You collected 115 gold pieces.

Inventory:

Hand Weapons
 a - a +0 mace (weapon)
Missiles
 e - 5 tomahawks of dispersal (quivered)
Armour
 b - a +0 leather armour (worn)
 h - a +0 buckler (worn)
Jewellery
 u - an uncursed ring of positive energy {unknown}
Scrolls
 d - a scroll of blinking
 k - a scroll of remove curse {unknown}
 m - a scroll of magic mapping {unknown}
 n - a scroll of noise {unknown}
 p - 3 scrolls of identify {unknown}
 r - 2 scrolls of recharging {unknown}
Potions
 g - 3 potions of magic {unknown}
 i - a potion of brilliance {unknown}
 l - a potion of mutation {unknown}
 o - a potion of flight {unknown}
 s - a potion of lignification {unknown}
 v - a potion of berserk rage {unknown}
 w - a potion of curing {unknown}
Books
 c - a book of Spatial Translocations

   Spells                             Type                      Level
   a - Blink                          Translocation                2
   b - Shroud of Golubria             Charms/Translocation         2
   c - Lesser Beckoning               Translocation                3
   d - Gell's Gravitas                Translocation                3
   e - Teleport Other                 Translocation                3
   f - Passage of Golubria            Translocation                4
 q - a book of Maledictions

   Spells                             Type                      Level
   a - Corona                         Hexes                        1
   b - Ensorcelled Hibernation        Hexes/Ice                    2
   c - Confuse                        Hexes                        3
   d - Tukima's Dance                 Hexes                        3
   e - Dazzling Spray                 Conjuration/Hexes            3
Comestibles
 f - 5 bread rations
 j - 2 fruits
 t - a royal jelly


   Skills:
 + Level 2.6 Fighting
 * Level 2.9 Maces & Flails
 - Level 0.8 Throwing
 + Level 1.3 Armour
 + Level 2.3 Dodging
 + Level 1.1 Shields
 - Level 2.0 Spellcasting
   Level 2.6 Translocations


You had 7 spell levels left.
You didn't know any spells.

Dungeon Overview and Level Annotations

Branches:
Dungeon (3/15)

Altars:


Innate Abilities, Weirdness & Mutations

You have a pair of small horns on your head.
You are partially covered in thin metallic scales. (AC +2)


Message History

You start resting.
You feel sick. x2
You feel yourself speed up.
You feel sick.
You are no longer poisoned.
You see here 18 sling bullets.
You open the door.
A centaur comes into view.
A centaur is nearby!
The centaur shouts!
The centaur wields a shortbow.
The centaur shoots an arrow.
The arrow hits you!
* * * LOW HITPOINT WARNING * * *
The centaur shoots an arrow.
You block the arrow.
The centaur shoots an arrow.
The arrow hits you.
* * * LOW HITPOINT WARNING * * *
Things that are here:
2 arrows; a scroll labeled WISUUGHYERA You are feeling very hungry.
The centaur shoots an arrow.
The arrow hits you!
You die...

#......##.##...# #.#
#......##.########.#
#.c....##.##.......#
#......##..........#
#......#####.......#
#.......# #.......#
######(....# #.......#
#..........# #.......#
#.####@....# #.......#
#. #<.....# #####.#.#
#.###......########....
......................)
#.....#.##########.รท...
..................+.....
.#.....#...[.....##.....
#..........(....##.....
#......)........##.....


You could see a centaur.

Vanquished Creatures
  Jessica (D:3)
  A howler monkey skeleton (D:3)
  2 adders (D:2)
  A dart slug (D:2)
  7 bats
  2 giant cockroaches
  2 goblins
  6 hobgoblins
  2 jackals (D:2)
  A quokka (D:3)
  3 frilled lizards
  6 kobolds
  A rat (D:2)
35 creatures vanquished.

Notes
Turn   | Place    | Note
-------+----------+-------------------------------------------
     0 | D:1      | Hasart the Demonspawn Warper began the quest for the Orb.
     0 | D:1      | Reached XP level 1. HP: 16/16 MP: 3/3
   402 | D:1      | Gained mutation: You are partially covered in thin metallic scales. (AC +2) [demonic ancestry]
   402 | D:1      | Reached XP level 2. HP: 13/22 MP: 5/5
   420 | D:1      | Reached skill level 1 in Armour
  1449 | D:2      | Gained mutation: You have a pair of small horns on your head. [demonic ancestry]
  1449 | D:2      | Reached XP level 3. HP: 26/28 MP: 6/6
  1611 | D:2      | Reached skill level 1 in Shields
  2130 | D:3      | Noticed Jessica
  2135 | D:3      | Killed Jessica
  2135 | D:3      | Reached XP level 4. HP: 20/34 MP: 7/7
  2158 | D:3      | Noticed a centaur
  2161 | D:3      | Shot with an arrow by a centaur

Skill      XL: |  1  2  3 |
---------------+----------+-----
Maces & Flails | 2 |  2.9
Armour         | 1 |  1.3
Dodging        | 2 |  2.3
Shields        | 1 |  1.1
Fighting       | |  2.6
Throwing       | |  0.8
Spellcasting   | |  2.0
Translocations | |  2.6

Action                   |  1- 3 |  4- 6 || total
-------------------------+-------+-------++-------
Melee: Mace              |   111 |       ||   111
       Headbutt          |     7 |       ||     7
  Eat: Chunk             |     3 |       ||     3
Armor: Leather armour    |    65 |       ||    65
Dodge: Dodged            |    95 |       ||    95
Block: Buckler           |    18 |     1 ||    19
